 Dungeon Sprint DCSS version 0.17-a0-1403-g9df874c (webtiles) character file.

2402 Kidiri the Covert (level 9, 0/39 HPs)
             Began as a Spriggan Enchanter on June 20, 2015.
             Was a High Priest of Dithmenos.
             Slain by a blink frog (15 damage)
             ... in the Dungeon (Sprint VII: "The Pits").
             The game lasted 00:17:08 (1608 turns).

Kidiri the Covert (Spriggan Enchanter)              Turns: 1608, Time: 00:17:08

Health: 0/39       AC:  3    Str:  7    XL:     9   Next: 23%
Magic:  2/24       EV: 29    Int: 21    God:    Dithmenos [*****.]
Gold:   0          SH:  0    Dex: 18    Spells: 5 memorised, 17 levels left

rFire  . . .     SeeInvis +     w - +2 rapier (elec)
rCold  . . .     Clarity  .     b - +1 robe
rNeg   . . .     SustAt   .     (shield restricted)
rPois  .         Gourm    .     (helmet restricted)
rElec  .         Spirit   .     (no cloak)
rCorr  .         Warding  .     (gloves unavailable)
rMut   .         NoTele   +     (boots unavailable)
MR     +....                    (no amulet)
Stlth  ++++++++++               t - +3 ring of intelligence
                                s - +3 ring of strength

@: wreathed by umbra, very quick, somewhat resistant to hostile enchantments,
uncannily stealthy
A: unfitting armour, see invisible, herbivore 3, speed 3, slow metabolism 2
a: Shadow Step, Shadow Form, Renounce Religion


You were in the Dungeon.
You worshipped Dithmenos.
Dithmenos was extremely pleased with you.
You were not hungry.

You visited 1 branch

Inventory:

Hand weapons
 a - a +1 dagger
 k - a +2 dagger
 q - a +0 dagger of venom
 r - a +1 dagger of holy wrath
 w - a +2 rapier of electrocution (weapon)
Armour
 b - a +1 robe (worn)
Jewellery
 s - a +3 ring of strength (left hand)
 t - a +3 ring of intelligence (right hand)
Scrolls
 j - a scroll of blinking
 n - 3 scrolls of remove curse
 o - 5 scrolls of amnesia
 p - a scroll of summoning
Potions
 e - 5 potions of curing
 f - 15 potions of heal wounds
 g - a potion of haste
 h - 3 potions of magic
 i - 4 potions of berserk rage
 m - 2 potions of invisibility
 u - a potion of brilliance
 v - a potion of cure mutation
Books
 c - a book of Maledictions

   Spells                             Type                      Level
   a - Corona                         Hexes                        1
   b - Ensorcelled Hibernation        Hexes/Ice                    2
   c - Confuse                        Hexes                        3
   d - Tukima's Dance                 Hexes                        3
   e - Dazzling Spray                 Conjuration/Hexes            3
Comestibles
 d - 8 bread rations
 l - 40 fruits


   Skills:
 * Level 9.6 Short Blades
 * Level 12.5 Dodging
 * Level 13.8 Stealth
 * Level 10.7 Spellcasting
 + Level 4.2 Conjurations
 + Level 8.3 Hexes
 + Level 4.8 Ice Magic
 + Level 6.0 Invocations


You had 17 spell levels left.
You knew the following spells:

 Your Spells              Type           Power        Failure   Level  Hunger
a - Corona                Hex            #####..      1%          1    None
b - Ensorcelled Hibernat  Hex/Ice        #####.       1%          2    None
c - Confuse               Hex            #####...     1%          3    None
d - Tukima's Dance        Hex            #####...     1%          3    None
e - Dazzling Spray        Conj/Hex       #####...     1%          3    None


Dungeon Overview and Level Annotations

Branches:
Dungeon (1/1)

Altars:
Ashenzari
Cheibriados
Dithmenos
Elyvilon
Fedhas
Gozag
Kikubaaqudgha
Makhleb
Nemelex Xobeh
Okawaru
Qazlal
Ru
Sif Muna
Trog
Vehumet
Xom
Yredelemnul
Zin
The Shining One
Beogh
Jiyva
Lugonu


Innate Abilities, Weirdness & Mutations

You are tiny and cannot use many weapons and most armour.
You have supernaturally acute eyesight.
You are a herbivore.
You cover ground extremely quickly.
You need consume almost no food.


Message History

Unknown command.
Casting: Ensorcelled Hibernation
Confirm with . or Enter, or press ? or * to list all spells.
Aiming: Confuse
Press: ? - help, Shift-Dir - straight line, f - ufetubus
Aim: an ufetubus (summoned, umbra, chance to defeat MR: 78%)
The ufetubus appears confused.
You catch the helpless ufetubus completely off-guard!
You impale the ufetubus!!
You kill the ufetubus!
You closely miss the blink frog.
The blink frog momentarily phases out as your shadow's attack passes through it.
The blink frog misses you.
You miss the blink frog.
The blink frog momentarily phases out as your shadow's attack passes through it.
The blink frog closely misses you.
You puncture the blink frog!
There is a sudden explosion of sparks!
The blink frog is almost dead.
The blink frog hits you!
You die...

############ #__________#
#__________#
#.#####+##############++####
#_#).)+.+%.##...............
#_#)))#[#?(##......#..#.....
#######+#####...............
#.....).)[.@F...............
#'#####+#####......#..#.....
#.#..#.[.+.##...............
#.#..#...#.#####+#####''####
#.#..#####.##.......##''####
#.#..+...#.##.......##......
#.#..+.).+.##.......##......
#.#..########...<...##..####
#.#..+[))).##.......##ยง.+


You could see a blink frog.

Vanquished Creatures
  An orc sorcerer (D)
  A jumping spider (D)
  An air elemental (D)
  2 blink frogs (D)
  3 flying skulls (D)
  A wyvern (D)
  A soldier ant (D)
  A water moccasin (D)
  An orc warrior (D)
  A crocodile (D)
  A brain worm (D)
  A scorpion (D)
  An iguana (D)
  2 orc wizards (D)
  Terence (D)
  2 orc priests (D)
  A mummy (D)
  2 adders (D)
  2 ufetubi (D)
  2 adder zombies (D)
  4 giant geckos (D)
  3 orcs (D)
  A bat (D)
  A bat zombie (D)
  A giant newt (D)
  A goblin (D)
39 creatures vanquished.

Notes
Turn   | Place    | Note
--------------------------------------------------------------
     0 | D        | Kidiri the Spriggan Enchanter began the quest for the Orb.
     0 | D        | Reached XP level 1. HP: 9/9 MP: 5/5
    27 | D        | Found a sacrificial altar of Ru.
    27 | D        | Found a basalt altar of Yredelemnul.
    27 | D        | Found a shadowy altar of Dithmenos.
    27 | D        | Found a deep blue altar of Sif Muna.
    27 | D        | Found a burning altar of Makhleb.
    27 | D        | Found a shimmering altar of Xom.
    27 | D        | Found an ancient bone altar of Kikubaaqudgha.
    27 | D        | Found a sparkling altar of Nemelex Xobeh.
    28 | D        | Found a glowing golden altar of the Shining One.
    28 | D        | Found a bloodstained altar of Trog.
    28 | D        | Found a shattered altar of Ashenzari.
    28 | D        | Found a white marble altar of Elyvilon.
    28 | D        | Found a snail-covered altar of Cheibriados.
    28 | D        | Found a blossoming altar of Fedhas.
    28 | D        | Found a radiant altar of Vehumet.
    28 | D        | Found a glowing silver altar of Zin.
    28 | D        | Found a corrupted altar of Lugonu.
    28 | D        | Found a viscous altar of Jiyva.
    28 | D        | Found a roughly hewn altar of Beogh.
    28 | D        | Found an iron altar of Okawaru.
    31 | D        | Became a worshipper of Dithmenos the Shadowed
    35 | D        | Found a stormy altar of Qazlal.
    35 | D        | Found an opulent altar of Gozag.
    75 | D        | Reached skill level 5 in Stealth
    77 | D        | Reached XP level 2. HP: 13/13 MP: 5/7
    81 | D        | Learned a level 2 spell: Ensorcelled Hibernation
    94 | D        | Noticed a brain worm
    96 | D        | Killed a brain worm
    96 | D        | Reached skill level 5 in Dodging
    96 | D        | Reached skill level 7 in Stealth
    96 | D        | Reached skill level 1 in Ice Magic
    96 | D        | Reached skill level 1 in Invocations
    96 | D        | Reached XP level 3. HP: 16/16 MP: 7/10
    96 | D        | Reached XP level 4. HP: 21/21 MP: 7/11
   103 | D        | Learned a level 3 spell: Confuse
   107 | D        | Learned a level 3 spell: Tukima's Dance
   111 | D        | Learned a level 3 spell: Dazzling Spray
   151 | D        | Noticed a flying skull
   172 | D        | Acquired Dithmenos's first power
   182 | D        | Killed a flying skull
   182 | D        | Reached skill level 5 in Short Blades
   182 | D        | Reached skill level 9 in Stealth
   182 | D        | Reached skill level 1 in Conjurations
   182 | D        | Reached skill level 5 in Hexes
   182 | D        | Reached XP level 5. HP: 17/24 MP: 2/15
   321 | D        | Noticed an orc priest
   321 | D        | Noticed an iguana
   322 | D        | Noticed an orc warrior
   324 | D        | Noticed a flying skull
   325 | D        | Noticed an orc wizard
   354 | D        | Killed an iguana
   354 | D        | Reached XP level 6. HP: 7/28 MP: 14/16
   582 | D        | Noticed an orc wizard
   605 | D        | Killed a flying skull
   605 | D        | Reached skill level 10 in Stealth
   608 | D        | Killed an orc warrior
   608 | D        | Acquired Dithmenos's second power
   614 | D        | Noticed an orc priest
   896 | D        | Killed an orc wizard
   896 | D        | Reached XP level 7. HP: 32/32 MP: 19/19
   915 | D        | Killed an orc priest
   920 | D        | Acquired Dithmenos's third power
   925 | D        | Killed an orc wizard
   959 | D        | Killed an orc priest
   959 | D        | Reached skill level 11 in Stealth
  1032 | D        | Acquired Dithmenos's fourth power
  1107 | D        | Noticed an air elemental
  1109 | D        | Killed an air elemental
  1109 | D        | Reached skill level 10 in Dodging
  1111 | D        | Noticed Terence
  1111 | D        | Noticed a scorpion
  1115 | D        | Killed a scorpion
  1118 | D        | Killed Terence
  1192 | D        | Noticed a jumping spider
  1192 | D        | Noticed a soldier ant
  1208 | D        | Killed a jumping spider
  1208 | D        | Reached skill level 12 in Stealth
  1208 | D        | Reached XP level 8. HP: 14/36 MP: 8/22
  1411 | D        | Killed a soldier ant
  1411 | D        | Reached skill level 5 in Invocations
  1519 | D        | Noticed a crocodile
  1521 | D        | Killed a crocodile
  1522 | D        | Noticed an orc sorcerer
  1524 | D        | Killed an orc sorcerer
  1524 | D        | Reached skill level 10 in Spellcasting
  1526 | D        | Noticed a water moccasin
  1530 | D        | Killed a water moccasin
  1530 | D        | Reached skill level 13 in Stealth
  1539 | D        | Noticed a flying skull
  1540 | D        | Noticed a crimson imp
  1541 | D        | Killed a flying skull
  1560 | D        | Noticed a wyvern
  1560 | D        | Noticed a kobold demonologist
  1560 | D        | Noticed a blink frog
  1560 | D        | Noticed a blink frog
  1560 | D        | Noticed a blink frog
  1560 | D        | Noticed a blink frog
  1565 | D        | Killed a blink frog
  1565 | D        | Reached XP level 9. HP: 31/39 MP: 7/24
  1566 | D        | Noticed an orange demon
  1567 | D        | Killed a wyvern
  1569 | D        | Killed a blink frog
  1608 | D        | Slain by a blink frog

Vault maps used:
D:        pitsprint

Action                   |  1- 3 |  4- 6 |  7- 9 || total
-------------------------+-------+-------+-------++-------
Melee: Dagger            |     7 |    41 |    57 ||   105
       Rapier            |       |       |    17 ||    17
 Cast: Confuse           |       |     5 |     5 ||    10
       Ensorcelled Hiber |       |     9 |    23 ||    32
       Dazzling Spray    |       |       |     1 ||     1
Invok: Shadow Step       |       |       |     5 ||     5
  Use: Potion            |       |     2 |     1 ||     3
 Stab: Sleeping          |     3 |     2 |    19 ||    24
       Confused          |       |     2 |     2 ||     4
